 Dungeon Crawl Stone Soup version 0.27.1 (webtiles) character file.

Game seed: 9610178348300988268

97 funkygono the Firebug (level 4, 0/24 HPs)
             Began as a Gargoyle Fire Elementalist on Aug 28, 2021.
             Slain by Crazy Yiuf (5 damage)
             ... on level 3 of the Dungeon.
             The game lasted 00:04:48 (2795 turns).

funkygono the Firebug (Gargoyle Fire Elementalist)  Turns: 2795, Time: 00:04:49

Health: 0/24       AC:  5    Str: 11    XL:     4   Next: 68%
Magic:  8/17       EV: 12    Int: 23    God:
Gold:   186        SH:  0    Dex: 10    Spells: 1/9 levels left

rFire    . . .     SeeInvis .   e - +0 club
rCold    . . .     Faith    .   (no shield)
rNeg     + . .     Spirit   .   a - +0 robe
rPois    ∞         Reflect  .   (no helmet)
rElec    +         Harm     .   (no cloak)
rCorr    .         Rampage  .   (no gloves)
Will     .....                  (no boots)
Stlth    ++........             v - amulet of regeneration
HPRegen  1.08/turn              l - ring of magical power
MPRegen  0.15/turn              o - +6 ring of intelligence

@: no status effects
A: sickness immunity, AC +3, negative energy resistance 1, electricity
resistance, torment resistance 1, petrification resistance
a: no special abilities


You were on level 3 of the Dungeon.
You visited 1 branch of the dungeon, and saw 3 of its levels.

You collected 186 gold pieces.

Inventory:

Hand Weapons
 e - a +0 club (weapon)
Missiles
 j - 44 stones
Armour
 a - a +0 robe (worn)
Jewellery
 c - an amulet of guardian spirit
 l - a ring of magical power (left hand)
 o - a +6 ring of intelligence (right hand)
 v - an amulet of regeneration (around neck)
Wands
 p - a wand of iceblast (11)
 t - a wand of digging (3)
Scrolls
 b - 2 scrolls of acquirement {unknown}
 d - a scroll of fog {unknown}
 g - a scroll of fear {unknown}
 h - a scroll of blinking {unknown}
 q - a scroll of identify {unknown}
 r - a scroll of enchant armour {unknown}
 u - a scroll of amnesia {unknown}
Potions
 f - a potion of magic {unknown}
 i - a potion of haste {unknown}
 k - a potion of lignification {unknown}
 m - 3 potions of curing {unknown}
 n - 2 potions of degeneration {unknown}
 s - a potion of heal wounds {unknown}


   Skills:
 + Level 1.7 Dodging
 - Level 2.1 Stealth
 * Level 3.3 Spellcasting
 * Level 1.4 Conjurations
 * Level 4.1 Fire Magic


You had one spell level left.
You knew the following spells:

 Your Spells              Type           Power      Damage    Failure   Level
a - Foxfire               Conj/Fire      64%        2x1d7     3%          1
b - Conjure Flame         Conj/Fire      16%        6-21      11%         3
c - Sticky Flame          Conj/Fire      16%        2d4       34%         4

Your spell library contained the following spells:

 Spells                   Type           Power      Damage    Failure   Level
 Inner Flame              Hex/Fire       13%        N/A       14%         3
 Fireball                 Conj/Fire      8%         3d6       69%         5


Dungeon Overview and Level Annotations

Branches:
Dungeon (3/15)

Altars:

Shops:
D:1 !

Annotations:
D:3 Crazy Yiuf


Innate Abilities, Weirdness & Mutations

You are immune to sickness and miasma.
Your stone body is resilient. (AC +3)
You are immune to poison.
You resist negative energy. (rN+)
You are resistant to electric shocks. (rElec)
You are resistant to unholy torment.
You are immune to petrification.


Message History

Crazy Yiuf hits you with a +3 quarterstaff of chaos.
Your foxfire dissipates!
The foxfire hits Crazy Yiuf.
Crazy Yiuf is moderately wounded.
Crazy Yiuf screams, "Dawk!"
Casting: Foxfire (safe; 3% risk of failure)
Confirm with . or Enter, or press ? or * to list all spells.
You conjure some foxfire!
Crazy Yiuf closely misses you.
Casting: Foxfire (safe; 3% risk of failure)
Confirm with . or Enter, or press ? or * to list all spells.
You conjure some foxfire!
The foxfire hits Crazy Yiuf.
Crazy Yiuf is moderately wounded.
The foxfire hits Crazy Yiuf.
Crazy Yiuf is heavily wounded.
Crazy Yiuf hits you with a +3 quarterstaff of chaos!
You feel your power leaking away.
The foxfire hits Crazy Yiuf but does no damage.
Crazy Yiuf is heavily wounded.
The foxfire hits Crazy Yiuf.
Crazy Yiuf is heavily wounded.
Casting: Foxfire (safe; 3% risk of failure)
Confirm with . or Enter, or press ? or * to list all spells.
You conjure some foxfire!
Crazy Yiuf hits you with a +3 quarterstaff of chaos!
Ouch! That really hurt!
* * * LOW HITPOINT WARNING * * *
Crazy Yiuf burns you.
* * * LOW HITPOINT WARNING * * *
The foxfire hits Crazy Yiuf.
Crazy Yiuf is almost dead.
The foxfire hits Crazy Yiuf but does no damage.
Crazy Yiuf is almost dead.
Crazy Yiuf says, "Peeping eyeball turtle!"
Okay, then.
Casting: Foxfire (safe; 3% risk of failure)
Confirm with . or Enter, or press ? or * to list all spells.
You conjure some foxfire!
Crazy Yiuf sings, "Trees, trees, trees, circus!"
Crazy Yiuf hits you with a +3 quarterstaff of chaos.
You die...

#.# ##.#
#.# #.##
#.# ##.#
#.# #.##
#.# ##.##
#.# #...##
#.# #....#
#.# #g...#
#.###@...#
#...vv...#
#####...##
#####


You could see Crazy Yiuf (ally target).

Vanquished Creatures
  An orc wizard (D:3)
  3 adders
  A worm (D:2)
  A dart slug (D:2)
  2 orcs (D:3)
  An endoplasm (D:1)
  5 giant cockroaches
  4 hobgoblins
  6 jackals (D:3)
  A quokka (D:1)
  2 bats (D:1)
  4 frilled lizards
  3 goblins
  5 rats
39 creatures vanquished.

Vanquished Creatures (others)
  142 foxfires
  3 fungi (D:3)
145 creatures vanquished.

Grand Total: 184 creatures vanquished

Notes
Turn   | Place    | Note
-------+----------+-------------------------------------------
     0 | D:1      | funkygono the Gargoyle Fire Elementalist began the quest
                  | for the Orb.
     0 | D:1      | Reached XP level 1. HP: 10/10 MP: 3/3
   196 | D:1      | Found Ucalacep's Distillery.
   555 | D:1      | Reached XP level 2. HP: 15/15 MP: 1/5
  1330 | D:2      | Reached XP level 3. HP: 19/19 MP: 2/6
  1334 | D:2      | Learned a level 3 spell: Conjure Flame
  1684 | D:2      | Found a faded altar of an unknown god.
  1823 | D:2      | Reached skill level 4 in Fire Magic
  2016 | D:3      | Reached XP level 4. HP: 24/24 MP: 8/8
  2661 | D:3      | Found a runed translucent door.
  2662 | D:3      | Noticed Crazy Yiuf
  2772 | D:3      | Learned a level 4 spell: Sticky Flame
  2795 | D:3      | Slain by Crazy Yiuf

Illustrated notes

Levels and vault maps discovered:
D:1:      minmay_arrival_radiant_lines, layout_loops_ring, serial_shops,
          nicolae_shop_crystal, minivault_27, minmay_3d_cube
D:2:      layout_basic, hellmonk_ecumenical_altar_inner_sanctum
D:3:      layout_basic, uniq_crazy_yiuf_cottage

Skill      XL: |  1  2  3  4 |
---------------+-------------+-----
Fire Magic     | 4 |  4.1
Spellcasting   | 3 |  3.3
Dodging        | |  1.7
Stealth        | |  2.1
Conjurations   | |  1.4

Action                   |  1- 3 |  4- 6 || total
-------------------------+-------+-------++-------
Melee: Club              |     6 |    11 ||    17
 Cast: Foxfire           |    54 |    33 ||    87
Armor: Robe              |     3 |     6 ||     9
Dodge: Dodged            |     9 |    13 ||    22
